 Dungeon Crawl Stone Soup version 0.28-a0-687-gb91baff9cc (webtiles) character file.

Game seed: 16695251133881881000

977 Irenicus the Geomancer (level 7, 17/55 HPs)
             Began as a Deep Dwarf Earth Elementalist on Oct 19, 2021.
             Was a Follower of Makhleb.
             Quit the game on level 5 of the Dungeon.
             The game lasted 00:13:46 (1812 turns).

Irenicus the Geomancer (DDEE)                       Turns: 1812, Time: 00:13:46

Health: 17/55      AC:  4    Str: 13    XL:     7   Next: 95%
Magic:  0/8        EV: 12    Int: 18    God:    Makhleb [*.....]
Gold:   162        SH:  0    Dex: 13    Spells: 3/9 levels left

rFire   . . .      SeeInvis .   t - +9 dagger "Daustruukh" {flame, Str+2}
rCold   . . .      Faith    .   (no shield)
rNeg    + . .      Spirit   .   g - +0 leather armour
rPois   .          Reflect  .   (no helmet)
rElec   .          Harm     .   m - +0 cloak
rCorr   .          Rampage  .   (no gloves)
Will    +....                   (no boots)
Stlth   ++........              (no amulet)
HPRegen 0.00/turn               N - ring of positive energy
MPRegen 0.11/turn               (no ring)

@: brilliant, hasted, very quick
A: damage resistance, heal wounds, sense surroundings 1, no regeneration
a: Heal Wounds, Renounce Religion


You were on level 5 of the Dungeon.
You worshipped Makhleb.
Makhleb was aware of your devotion.
You visited 2 branches of the dungeon, and saw 6 of its levels.

You collected 162 gold pieces.


Innate Abilities, Weirdness & Mutations

You are resistant to damage.
You can heal yourself by infusing magical energy.
You passively map a small area around you.
You do not regenerate.


   Skills:
 - Level 2.1 Dodging
 - Level 2.4 Stealth
 - Level 1.7 Spellcasting
 - Level 0.8 Transmutations
 + Level 12.5 Earth Magic


You had 3 spell levels left.
You knew the following spells:

 Your Spells              Type           Power      Damage    Failure   Level
t - Stone Arrow           Conj/Erth      72%        3d11      5%          3
w - Passwall              Tmut/Erth      31%        N/A       2%          2
z - Sandblast             Erth           100%       2d20      1%          1

Your spell library contained the following spells:

 Spells                   Type           Power      Damage    Failure   Level
 Petrify                  Tmut/Erth      38%        N/A       16%         4

Inventory:

Hand Weapons
 h - a +1 dagger
 t - the +9 dagger "Daustruukh" (weapon) {flame, Str+2}
   (You took it off an orc on level 3 of the Dungeon)

   It burns those it strikes, dealing additional fire damage.
   Str:       It affects your strength (+2).
Missiles
 c - 65 stones
 f - 16 poisoned darts
Armour
 g - a +0 leather armour (worn)
 m - a +0 cloak (worn)
 u - a scarf of harm
Jewellery
 N - a ring of positive energy (left hand)
Scrolls
 b - a scroll of brand weapon {unknown}
 d - a scroll of magic mapping
Potions
 a - 2 potions of attraction {unknown}
 l - a potion of curing {@q1}
 o - a potion of degeneration {unknown}
 p - a potion of mutation {unknown}
 r - 2 potions of brilliance

Dungeon Overview and Level Annotations

Branches:
Dungeon (5/15)             Temple (1/1) D:4

Altars:
Cheibriados
Fedhas
Kikubaaqudgha
Makhleb
Qazlal
Ru
Sif Muna
Trog
Uskayaw
Xom
Yredelemnul
The Shining One
Beogh

,,** ,,,* ,,,* ,,,* ,,**
################
..######.##.....#.....##
......<.?.§§...........##
..........§§§...........#
..........§.§...@...(.<.#
.....▒▒▒▒▒▒▒▒▒▒▒▒S>.....#
....S*****,▒▒▒▒▒▒.......#
.....,,,,,,.....§.......#
....,,,,,,,.....§..!....#
#.#.,,,,,,,.....§......##
*,*,,,,,,,,........§§§##
*,,,,,,,,,,.?...###.§#######
*,,,,,,,,,,.........<......#


You could see an adder.


Message History

Your magical essence is drained by the effort!
You feel much better. The gargoyle hits you with a +0 mace!
* * * LOW HITPOINT WARNING * * *
It was a potion of brilliance.
You feel clever all of a sudden. The gargoyle closely misses you.
Casting: Sandblast (safe; 1% risk of failure)
Confirm with . or Enter, or press ? or * to list all spells.
Aiming: Sandblast (safe; 1% risk of failure)
Press: ? - help, Shift-Dir - straight line, f - iguana
Aim: an iguana (inner flame, 86% to hit)
You feel a surge of power!
The blast of sand hits the iguana!
Flame seeps out of the iguana.
The iguana is severely wounded.
The iguana is engulfed in blazing flames.
Makhleb accepts your kill.
The iguana explodes!
The fiery explosion engulfs the gargoyle!!!
Makhleb accepts your kill.
The gargoyle explodes!
You hear an angry hiss.
Your Earth Magic skill increases to level 12!
The adder barely misses you.
Casting: Sandblast (safe; 1% risk of failure)
Confirm with . or Enter, or press ? or * to list all spells.
Aiming: Sandblast (safe; 1% risk of failure)
Press: ? - help, Shift-Dir - straight line, f - adder
Aim: an adder (73% to hit)
You feel a surge of power!
The blast of sand misses the adder.
Are you sure you want to abandon this character and quit the game? (Confirm with "yes".)

Skill      XL: |  1  2  3  4  5  6  7 |
---------------+----------------------+-----
Earth Magic    | 5 6 7 9 10 12 | 12.5
Dodging        | |  2.1
Stealth        | |  2.4
Spellcasting   | |  1.7
Transmutations | |  0.8

Action                   |  1- 3 |  4- 6 |  7- 9 || total
-------------------------+-------+-------+-------++-------
Melee: Unarmed           |     2 |       |       ||     2
       Dagger            |     3 |    16 |       ||    19
Throw: Dart              |     9 |       |       ||     9
 Cast: Sandblast         |    17 |    92 |     2 ||   111
       Passwall          |     3 |     7 |       ||    10
 Abil: Heal Wounds       |       |     1 |     1 ||     2
  Use: Scroll            |       |     6 |     5 ||    11
       Potion            |       |     1 |     3 ||     4
 Stab: Sleeping          |     2 |     1 |       ||     3
Armor: Leather armour    |     2 |    15 |       ||    17
Dodge: Dodged            |     4 |    30 |     4 ||    38

Levels and vault maps discovered:
D:1:      lightli_arrival_isolated_outpost, layout_loops_ring
D:2:      layout_rooms, minmay_unequal, uniq_natasha, uniq_crazy_yiuf_cottage
D:3:      layout_basic, nicolae_qazlal_general_emergency,
          biasface_ghost_orc_armoury
D:4:      layout_layer_cave, amcnicky_altar_gilded,
          lemuel_coloured_pillars_altar, minmay_temple_entry_overgrown
D:5:      layout_rooms, nzn_wu_jian_council_hall, grunt_gozag_statues,
          palyth_stone_intersect, minmay_manual_monolith, uniq_prince_ribbit1,
          uniq_grinder
Temple:   kb_temple_of_zot

Notes
Turn   | Place    | Note
-------+----------+-------------------------------------------
     0 | D:1      | Irenicus the Deep Dwarf Earth Elementalist began the quest
                  | for the Orb.
     0 | D:1      | Reached XP level 1. HP: 15/15 MP: 3/3
   246 | D:1      | Reached XP level 2. HP: 22/22 MP: 2/4
   249 | D:1      | Learned a level 2 spell: Passwall
   410 | D:1      | Reached skill level 5 in Earth Magic
   506 | D:2      | Noticed Natasha
   513 | D:2      | Killed Natasha
   514 | D:2      | Reached XP level 3. HP: 20/28 MP: 1/5
   581 | D:2      | Reached skill level 6 in Earth Magic
   588 | D:2      | Noticed Natasha
   591 | D:2      | Killed Natasha
   592 | D:2      | Reached XP level 4. HP: 22/36 MP: 2/6
   662 | D:2      | Noticed Natasha
   668 | D:2      | Killed Natasha
   669 | D:2      | Reached skill level 7 in Earth Magic
   708 | D:2      | Found a runed translucent door.
   709 | D:2      | Noticed Crazy Yiuf
   714 | D:2      | Killed Crazy Yiuf
   715 | D:2      | Reached XP level 5. HP: 20/42 MP: 3/7
   844 | D:3      | Reached skill level 8 in Earth Magic
   872 | D:3      | Identified a potion of resistance
  1094 | D:3      | Found a runed translucent gate.
  1095 | D:3      | Found a runed translucent gate.
  1095 | D:3      | Noticed trm's ghost (amateur OpCj)
  1096 | D:3      | Found a runed translucent gate.
  1099 | D:3      | Identified the +9 dagger "Daustruukh" {flame, Str+2}
  1099 | D:3      | Identified the +8 chain mail of Dithmenos's Anger {Stlth+}
  1149 | D:4      | Found a glowing golden altar of the Shining One.
  1204 | D:4      | Reached skill level 9 in Earth Magic
  1204 | D:4      | Reached XP level 6. HP: 35/49 MP: 2/8
  1275 | D:4      | Learned a level 3 spell: Stone Arrow
  1303 | D:4      | Found a hide-covered altar of Uskayaw.
  1312 | D:4      | Found a staircase to the Ecumenical Temple.
  1317 | Temple   | Entered the Ecumenical Temple
  1348 | Temple   | Became a worshipper of Makhleb the Destroyer
  1507 | D:3      | Found a stormy altar of Qazlal.
  1618 | D:3      | Killed trm's ghost
  1619 | D:3      | Reached skill level 10 in Earth Magic
  1741 | D:5      | Entered Level 5 of the Dungeon
  1741 | D:5      | Noticed a gargoyle
  1742 | D:5      | Noticed a water moccasin
  1792 | D:5      | Reached XP level 7. HP: 11/55 MP: 0/9
  1799 | D:5      | Reached * piety under Makhleb
  1800 | D:5      | Reached skill level 11 in Earth Magic
  1807 | D:5      | Killed a gargoyle
  1808 | D:5      | Reached skill level 12 in Earth Magic
  1812 | D:5      | Quit the game

Vanquished Creatures
  A gargoyle (D:5)
  2 phantoms (D:5)
  The ghost of trm the Conjurer, an amateur OpCj (D:3)
  2 water moccasin skeletons
  An orc priest (D:3)
  Crazy Yiuf (D:2)
  A hound (D:5)
  A bullfrog skeleton (D:4)
  Natasha (thrice) (D:2)
  An orc wizard (D:3)
  An iguana (D:5)
  4 adders
  A shadow imp (D:5)
  A white imp (D:5)
  3 worms
  3 dart slugs
  16 orcs (D:3)
  4 endoplasms
  A giant cockroach (D:3)
  2 goblins
  7 hobgoblins
  3 jackals (D:3)
  2 quokkas
  7 ball pythons
  4 bats
  A frilled lizard (D:1)
  5 kobolds
  3 rats (D:1)
82 creatures vanquished.

Table legend: (Time is in decaauts)
 A = Elapsed time spent in this place.
 B = Non-inter-level travel time spent in this place.
 C = Inter-level travel time spent in this place.
 D = Time resting spent in this place.
 E = Time spent auto-exploring this place.
 F = Levels seen in this place.
 G = Mean time per level.
                   A        B        C        D        E       F      G
               +--------+--------+--------+--------+--------+-----+--------+
         Total |   1818 |   1742 |     76 |      0 |      0 |   6 |  303.0 |
       Dungeon |   1756 |   1680 |     76 |      0 |      0 |   5 |  351.2 |
        Temple |     61 |     61 |      0 |      0 |      0 |   1 |   61.0 |
               +--------+--------+--------+--------+--------+-----+--------+

Top non-repeatable levels by time:
     D:3: 549 daAuts
     D:1: 490 daAuts
     D:2: 359 daAuts
     D:4: 324 daAuts
  Temple: 61 daAuts
     D:5: 32 daAuts

Table legend:
 A = Non-vault XP
 B = Vault XP
 C = Vault XP percentage of total XP
 D = Non-vault monster count
 E = Vault monster count
 F = Vault count percentage of total count
                 A         B        C        D         E       F
            +---------+---------+-------+---------+---------+-------
      Total |     671 |     726 |  52.0 |      66 |      16 |  19.5
            +---------+---------+-------+---------+---------+-------
        D:1 |      19 |       0 |   0.0 |      14 |       0 |   0.0
        D:2 |     129 |      86 |  40.0 |      13 |       5 |  27.8
        D:3 |     228 |     119 |  34.3 |      30 |       7 |  18.9
        D:4 |     117 |       0 |   0.0 |       6 |       0 |   0.0
        D:5 |     178 |     521 |  74.5 |       3 |       4 |  57.1
            +---------+---------+-------+---------+---------+-------
